 Dungeon Crawl Stone Soup version 0.21-a0-513-gdcb3f5eb25 (webtiles) character file.

183449 Niddhogr the Impaler (level 19, 0/155 HPs)
             Began as a Formicid Fighter on Dec 2, 2017.
             Was the Champion of Okawaru.
             Slain by a tengu warrior
             ... wielding a cursed +0 long sword
              (6 damage)
             ... on level 1 of the Depths.
             The game lasted 01:43:15 (26719 turns).

Niddhogr the Impaler (Formicid Fighter)            Turns: 26719, Time: 01:43:16

Health: 0/155      AC: 30    Str: 22    XL:     19   Next: 7%
Magic:  26/26      EV: 17    Int:  9    God:    Okawaru [******]
Gold:   2117       SH: 20    Dex: 19    Spells: 21/28 levels left

rFire    + . .     SeeInvis +   p - +2 bardiche (elec)
rCold    + . .     Gourm    .   U - +2 large shield {AC+3}
rNeg     . . .     Faith    .   E - +0 ring mail {rC+}
rPois    .         Spirit   .   (helmet unavailable)
rElec    .         Reflect  .   e - +2 cloak {MR+}
rCorr    .         Harm     .   R - +2 pair of gloves {Dex+3}
MR       ++...                  A - +1 pair of boots {run}
Stlth    ++++......             Z - amulet of regeneration
HPRegen  1.15/turn              w - +4 ring of protection
MPRegen  0.20/turn              K - ring of protection from fire

@: quick
A: permanent stasis, dig shafts and tunnels, four strong arms, antennae 3, beak,
icy blue scales 1, iridescent scales 1, yellow scales 1, regeneration 1, shaggy
fur 1
a: Dig, Shaft Self, Heroism, Finesse, Renounce Religion


You were on level 1 of the Depths.
You worshipped Okawaru.
Okawaru was exalted by your worship.
You were not hungry.

You visited 6 branches of the dungeon, and saw 27 of its levels.
You also visited: Labyrinth, Bailey and Ice Cave.

You collected 3152 gold pieces.
You spent 1035 gold pieces at shops.

Inventory:

Hand Weapons
 p - a +2 bardiche of electrocution (weapon)
Missiles
 q - 2 throwing nets (quivered)
 P - 22 javelins
Armour
 e - a +2 cloak of magic resistance (worn)
 k - the +14 crystal plate armour of Upatot {rF+ Regen+}
   (Okawaru gifted it to you on level 6 of the Lair of Beasts)

   It protects you from fire.
   It increases your rate of regeneration.
 A - a +1 pair of boots of running (worn)
 E - a +0 ring mail of cold resistance (worn)
 R - a +2 pair of gloves of dexterity (worn)
 U - a +2 large shield of protection (worn)
Jewellery
 w - a +4 ring of protection (left hand)
 K - a ring of protection from fire (right hand)
 Z - an amulet of regeneration (around neck)
Wands
 c - a wand of clouds (4)
 h - a wand of iceblast (27)
 y - a wand of scattershot (9)
 C - a wand of polymorph (18)
 F - a wand of random effects (22)
 T - a wand of enslavement (34)
 V - a wand of digging (12)
Scrolls
 a - 2 scrolls of fog
 b - 4 scrolls of enchant weapon
 d - 5 scrolls of enchant armour
 m - a scroll of holy word
 n - 4 scrolls of amnesia
 t - 3 scrolls of immolation
 z - 10 scrolls of identify
 D - 9 scrolls of fear
 M - 3 scrolls of silence
 O - a scroll of brand weapon
 S - a scroll of magic mapping
 W - a scroll of summoning
Potions
 j - 3 potions of flight
 l - a potion of lignification
 o - 11 potions of curing
 r - 5 potions of agility
 v - 4 potions of brilliance
 x - 3 potions of magic
 B - 3 potions of ambrosia
 G - a potion of might
 H - 2 potions of heal wounds
 Q - a potion of invisibility
 X - a potion of cancellation
Miscellaneous
 u - 2 phantom mirrors
 I - 2 sacks of spiders
 J - a lightning rod (4/4)
 L - a lightning rod (4/4)
 N - a fan of gales
 Y - a lamp of fire
Comestibles
 f - 21 bread rations
 g - 13 meat rations
 i - 14 royal jellies
 s - 8 fruits


   Skills:
 - Level 15.0 Fighting
 + Level 18.3 Polearms
 - Level 10.3 Armour
 - Level 10.0 Dodging
 - Level 10.1 Stealth
 - Level 10.0 Shields
 - Level 5.0 Spellcasting
 - Level 8.0 Hexes
 - Level 8.1 Charms
 - Level 6.4 Invocations
 * Level 7.6 Evocations


You had 21 spell levels left.
You knew the following spells:

 Your Spells              Type           Power        Failure   Level  Hunger
a - Spectral Weapon       Hex/Chrm       ###.....     11%         3    ###....
b - Leda's Liquefaction   Hex/Erth       #.........   89%         4    #####..


Dungeon Overview and Level Annotations

Branches:
Dungeon (15/15)            Temple (1/1) D:5            Lair (6/6) D:9
  Swamp (0/4) Lair:4       Spider (0/4) Lair:2        Slime (0/5) Lair:5
    Orc (2/2) D:9             Elf (2/3) Orc:2        Vaults (0/5) D:13
 Depths (1/5) D:15

Altars:
Cheibriados
Elyvilon
Gozag
Kikubaaqudgha
Makhleb
Nemelex Xobeh
Okawaru
Qazlal
Ru
Trog
Xom
Beogh
Jiyva

Shops:
D:5 [   D:8 :   D:10 (   D:11 !   D:13 =   D:15 (   Orc:2 [=*=?   Elf:1 [

Portals:
Hell: Depths:1
Abyss: Depths:1
Trove: D:11 (give 2 scrolls of acquirement)

Annotations:
Lair:1 exclusion: oklob plant


Innate Abilities, Weirdness & Mutations

You cannot be hasted, slowed, berserked, paralysed or teleported.
You can dig through walls and to a lower floor.
Your four strong arms can wield two-handed weapons with a shield.
You have a pair of large antennae on your head. (SInv)
You have a beak for a mouth.
You are partially covered in icy blue scales. (AC +2)
You are partially covered in iridescent scales. (AC +2)
You are partially covered in yellow scales. (AC +2)
Your natural rate of healing is unusually fast.
You are covered in fur. (AC +1)


Message History

* * * LOW HITPOINT WARNING * * *
The ettin hits you with a dire flail!!
* * * LOW HITPOINT WARNING * * *
Unknown command.
You hit the ettin but do no damage.
The ettin is heavily wounded.
The ettin misses you. The ettin closely misses you.
You slash the ettin! Lightning courses through the ettin! You peck the ettin.
The ettin is almost dead.
You block the ettin's attack. x2
You barely miss the ettin. You peck the ettin, but do no damage.
The ettin is almost dead.
The ettin hits you with a dire flail.
* * * LOW HITPOINT WARNING * * *
You block the ettin's attack.
You hit the ettin but do no damage. Lightning courses through the ettin!
You kill the ettin!
Okawaru accepts your kill.
The tengu warrior hits you with a long sword.
You die...

.###'###..#.# #.# #.....
###...###.#.# #.# #.....
##.....####.# #.# #.....
#.......# ..# #.# #.....
####'####..## ### #.....
..........# ########
###+## ###..######
#......# ###.##
####.!....# ..^.#
#..@..# . #.### #..)Q.#
.'. ...# #.##..#...#
##.# ######.##)..#
##.######.)....##..#...#
........#......##..##..#
........)......##..# ..#
#######.#......##... ..#
#.#......##..#. .


You could see a tengu warrior.

Vanquished Creatures
  Nikola (Elf:1)
  Roxanne (Elf:1)
  An orc warlord (Bailey)
  3 frost giants
  Aizul (Elf:1)
  2 very ugly things (Depths:1)
  A deep elf demonologist (Elf:1)
  2 stone giants (Depths:1)
  Azrael (Elf:1)
  5 ettins
  A minotaur (Lab)
  An ettin (shapeshifter) (Elf:1)
  Josephine (D:10)
  A great orb of eyes (Depths:1)
  Fannar (Lair:2)
  An ice dragon (Orc:1)
  2 vault guards (D:13)
  4 ogre magi
  Harold (Lair:3)
  A hell beast (Depths:1)
  Erica (D:8)
  3 hydras
  20 two-headed ogres
  A centaur warrior (D:14)
  24 dancing weapons
  14 death yaks
  3 tengu warriors
  A spriggan berserker (Depths:1)
  Urug (Lair:3)
  10 deep elf knights (Elf:2)
  An iron troll (Depths:1)
  A sea snake (shapeshifter) (D:14)
  7 unseen horrors
  2 deep trolls (Orc:2)
  5 wizards
  7 deep elf archers
  Pikel (D:7)
  A necromancer (Depths:1)
  2 orc knights
  A wolf spider (Lair:6)
  An orb spider (Lair:2)
  2 oklob plants (Lair:6)
  5 cyclopes
  An ugly thing (D:11)
  30 deep elf magi
  2 orc sorcerers (Orc:2)
  A manticore (D:15)
  5 large abominations (D:9)
  9 elephants
  Maurice (D:11)
  Joseph (D:10)
  4 black mambas (Lair:6)
  Psyche (D:9)
  A guardian serpent (Lair:6)
  An ice statue (IceCv)
  A spiny frog (shapeshifter) (D:15)
  12 spiny frogs
  7 komodo dragons
  A rime drake (IceCv)
  2 kobold demonologists (D:13)
  A red devil (Depths:1)
  2 tengu conjurers
  16 trolls
  A troll (shapeshifter) (D:14)
  3 hornets (Lair:6)
  Grinder (D:4)
  15 polar bears
  A hornet (shapeshifter) (D:13)
  12 slime creatures
  9 blink frogs
  A centaur simulacrum (D:11)
  5 hippogriffs
  6 air elementals
  3 flying skulls (Depths:1)
  3 shadows
  7 water elementals
  4 redbacks (Lair:6)
  A spriggan (D:9)
  14 wyverns
  51 yaks
  A vampire (D:14)
  20 humans (D:13)
  6 wraiths
  6 fire elementals
  A basilisk (D:15)
  Grum (D:11)
  A redback simulacrum (D:14)
  11 hungry ghosts
  7 wargs
  An acid dragon (D:15)
  3 hell hounds (Elf:1)
  19 water moccasins
  7 porcupines
  4 ice beasts
  5 sky beasts
  A hornet zombie (D:10)
  2 phantoms
  4 black bears
  25 orc warriors
  An eye of draining (D:12)
  A necrophage (D:12)
  4 slaves (D:7)
  A tengu (shapeshifter) (D:15)
  29 wolves
  27 ogres
  9 crocodiles
  10 centaurs
  Blork the orc (D:4)
  9 big kobolds
  14 bullfrogs
  2 gnoll sergeants (D:9)
  A human simulacrum (Depths:1)
  7 small abominations (D:9)
  A hornet simulacrum (D:11)
  A scorpion (D:9)
  A water moccasin skeleton (D:4)
  5 killer bees (D:9)
  16 wights
  7 electric eels
  5 howler monkeys
  7 crimson imps
  A bullfrog zombie (D:12)
  A quasit (D:5)
  5 centaur zombies
  3 jellies
  16 orc priests
  A bullfrog skeleton (D:10)
  4 centaur skeletons
  8 hounds
  4 iguanas
  12 orc wizards
  11 hell rats (Lair:5)
  8 worker ants
  13 adders
  23 gnolls
  2 shadow imps
  A white imp (D:11)
  2 ufetubi (D:11)
  An ooze (D:3)
  3 adder skeletons
  3 worms
  5 dart slugs
  4 leopard geckos
  67 orcs
  6 giant cockroaches
  10 hobgoblins
  13 jackals
  32 kobolds
  6 quokkas
  2 ball pythons (D:3)
  4 bats
  6 frilled lizards
  14 goblins
  A jackal skeleton (D:5)
  A quokka zombie (D:9)
  5 rats
964 creatures vanquished.

Vanquished Creatures (others)
  A flying skull (Depths:1)
  A yak (D:10)
  An orc warrior (D:8)
  A jelly (D:6)
  An orc wizard (D:8)
  A leopard gecko (D:10)
  2 orcs (D:8)
  3 fungi
  11 plants
  3 spectral weapons (Lair:6)
25 creatures vanquished.

Grand Total: 989 creatures vanquished

Notes
Turn   | Place    | Note
-------+----------+-------------------------------------------
     0 | D:1      | Niddhogr the Formicid Fighter began the quest for the Orb.
     0 | D:1      | Reached XP level 1. HP: 18/18 MP: 1/1
    67 | D:1      | Reached XP level 2. HP: 22/24 MP: 2/2
   806 | D:2      | Reached XP level 3. HP: 30/30 MP: 3/3
   901 | D:2      | Reached XP level 4. HP: 34/38 MP: 4/4
   995 | D:2      | Reached skill level 3 in Polearms
  1093 | D:2      | Reached skill level 5 in Fighting
  1538 | D:3      | Reached XP level 5. HP: 43/44 MP: 5/5
  2196 | D:3      | Found a sparkling altar of Nemelex Xobeh.
  2200 | D:3      | Found a white marble altar of Elyvilon.
  2203 | D:3      | Found an opulent altar of Gozag.
  2266 | D:4      | Noticed Grinder
  2329 | D:4      | Reached XP level 6. HP: 28/52 MP: 6/6
  2525 | D:4      | Noticed an ogre
  2853 | D:4      | Killed Grinder
  2853 | D:4      | Reached skill level 4 in Polearms
  2853 | D:4      | Reached XP level 7. HP: 33/60 MP: 7/7
  3009 | D:4      | Gained mutation: You have sharp toenails. [potion of mutation]
  3009 | D:4      | Gained mutation: You are resistant to hostile enchantments. (MR+) [potion of mutation]
  3009 | D:4      | Gained mutation: You have an increased reservoir of magic. (+10% MP) [potion of mutation]
  3402 | D:4      | Reached skill level 5 in Shields
  3548 | D:4      | Noticed Blork the orc
  3583 | D:4      | Reached skill level 5 in Polearms
  3638 | D:4      | Killed Blork the orc
  3638 | D:4      | Reached XP level 8. HP: 49/67 MP: 8/8
  3743 | D:4      | Found a sacrificial altar of Ru.
  3994 | D:5      | Entered Level 5 of the Dungeon
  4193 | D:5      | Found a staircase to the Ecumenical Temple.
  4214 | D:5      | Lost mutation: You have sharp toenails. [potion of mutation]
  4214 | D:5      | Lost mutation: You are resistant to hostile enchantments. (MR+) [potion of mutation]
  4214 | D:5      | Lost mutation: You have an increased reservoir of magic. (+10% MP) [potion of mutation]
  4214 | D:5      | Gained mutation: You have large cloven feet. [potion of mutation]
  4214 | D:5      | Gained mutation: You occasionally shout uncontrollably at your foes. [potion of mutation]
  4214 | D:5      | Gained mutation: You are partially covered in yellow scales. (AC +2) [potion of mutation]
  4216 | Temple   | Entered the Ecumenical Temple
  4224 | Temple   | Became a worshipper of Warmaster Okawaru
  4331 | D:5      | Found an iron altar of Okawaru.
  4356 | D:5      | Reached skill level 6 in Polearms
  4512 | D:5      | Found Nuim's Antique Armour Boutique.
  5140 | D:4      | Found a sacrificial altar of Ru.
  5565 | D:6      | Reached * piety under Okawaru
  5565 | D:6      | Reached XP level 9. HP: 59/72 MP: 9/9
  5567 | D:6      | Reached skill level 7 in Polearms
  5584 | D:6      | Reached skill level 5 in Armour
  5647 | D:6      | Found a stormy altar of Qazlal.
  5720 | D:6      | Found an ancient bone altar of Kikubaaqudgha.
  5732 | D:6      | Found a snail-covered altar of Cheibriados.
  5963 | D:6      | Found a sacrificial altar of Ru.
  6468 | D:7      | Reached skill level 1 in Dodging
  6491 | D:7      | Reached ** piety under Okawaru
  6529 | D:7      | Noticed Pikel
  6621 | D:7      | Killed Pikel
  6621 | D:7      | Reached skill level 8 in Polearms
  6940 | D:8      | Noticed Erica
  6956 | D:8      | Reached XP level 10. HP: 41/79 MP: 10/10
  6980 | D:8      | Killed Erica
  6980 | D:8      | Reached skill level 9 in Polearms
  6980 | D:8      | Reached skill level 5 in Dodging
  7003 | D:8      | Reached skill level 1 in Stealth
  7008 | D:8      | Gained mutation: Your body sometimes deteriorates upon taking damage. [mutagenic meat]
  7009 | D:8      | Lost mutation: You occasionally shout uncontrollably at your foes. [mutagenic meat]
  7010 | D:8      | Lost mutation: Your body sometimes deteriorates upon taking damage. [mutagenic meat]
  7011 | D:8      | Gained mutation: Armour fits poorly on your strangely shaped body. [mutagenic meat]
  7092 | D:8      | Found Zasaic's Book Boutique.
  7206 | D:8      | Reached *** piety under Okawaru
  7803 | D:9      | Found an iron altar of Okawaru.
  7810 | D:9      | Noticed a two-headed ogre
  7818 | D:9      | Killed a two-headed ogre
  7818 | D:9      | Reached skill level 5 in Stealth
  8221 | D:9      | Found a staircase to the Orcish Mines.
  8223 | D:9      | Reached skill level 1 in Invocations
  8256 | D:9      | Reached **** piety under Okawaru
  8262 | D:9      | Reached XP level 11. HP: 35/84 MP: 9/13
  8297 | D:9      | Found a burning altar of Makhleb.
  8353 | D:9      | Reached skill level 10 in Polearms
  8708 | D:9      | Reached skill level 5 in Invocations
  8719 | D:9      | Noticed a two-headed ogre
  8782 | D:9      | Killed a two-headed ogre
  8851 | D:9      | Reached skill level 1 in Evocations
  8986 | D:9      | Noticed Psyche
  9002 | D:9      | Killed Psyche
  9062 | D:9      | Reached ***** piety under Okawaru
  9142 | D:9      | Noticed a wizard
  9147 | D:9      | Killed a wizard
  9147 | D:9      | Received a gift from Okawaru
  9150 | D:9      | Got a fine executioner's axe {god gift}
  9151 | D:9      | Identified the +7 executioner's axe "Punworol" {chop, *Contam rC++ Dex+3} (Okawaru gifted it to you on level 9 of the Dungeon)
  9155 | D:9      | Noticed a large abomination
  9155 | D:9      | Noticed a large abomination
  9155 | D:9      | Noticed a large abomination
  9166 | D:9      | Killed a large abomination
  9167 | D:9      | Killed a large abomination
  9178 | D:9      | Reached skill level 5 in Evocations
  9236 | D:9      | Killed a large abomination
  9236 | D:9      | Reached skill level 11 in Polearms
  9286 | D:9      | Found a staircase to the Lair.
  9470 | D:10     | Entered Level 10 of the Dungeon
  9621 | D:10     | Found a shimmering altar of Xom.
  9654 | D:10     | Reached XP level 12. HP: 91/91 MP: 14/16
  9843 | D:10     | Noticed Josephine
  9941 | D:10     | Killed Josephine
 10045 | D:10     | Found Vycva's Antique Weapon Shoppe.
 10154 | D:10     | Noticed Joseph
 10164 | D:10     | Killed Joseph
 10327 | D:8      | Bought a book of Battle for 520 gold pieces
 10332 | D:8      | Learned a level 3 spell: Spectral Weapon
 10521 | D:11     | Found a flagged portal.
 10705 | Bailey   | Entered a bailey
 10714 | Bailey   | Noticed an orc warlord
 10788 | Bailey   | Found a runed gate.
 10790 | Bailey   | Found a runed gate.
 10888 | Bailey   | Found a runed gate.
 10928 | Bailey   | Killed an orc warlord
 10928 | Bailey   | Received a gift from Okawaru
 10979 | Bailey   | Identified a scroll of acquirement
 11094 | D:11     | Gained mutation: Your natural rate of healing is unusually fast. [mutagenic meat]
 11095 | D:11     | Gained mutation: You expend magic power (3 MP) to strengthen your wands. [mutagenic meat]
 11096 | D:11     | Gained mutation: Your spells are a little harder to cast, but a little more powerful. [mutagenic meat]
 11156 | D:11     | Noticed Maurice
 11171 | D:11     | Killed Maurice
 11200 | D:11     | Found Vicroil's Distillery.
 11204 | D:11     | Noticed an unseen horror
 11215 | D:11     | Killed an unseen horror
 11220 | D:11     | Bought a potion of heal wounds for 55 gold pieces
 11226 | D:11     | Noticed Grum
 11260 | D:11     | Killed Grum
 11390 | D:11     | Reached skill level 5 in Hexes
 11777 | D:11     | Found a portal to a secret trove of treasure.
 12123 | D:12     | Found a labyrinth entrance.
 12250 | D:12     | Reached XP level 13. HP: 101/101 MP: 9/17
 12255 | D:12     | Reached skill level 5 in Charms
 12279 | Lab      | Entered a labyrinth
 12413 | Lab      | Reached skill level 1 in Spellcasting
 12520 | Lab      | Noticed a minotaur
 12529 | Lab      | Killed a minotaur
 12537 | Lab      | Found the cursed +13 scythe of Curses {drain, *Curse}
 12537 | Lab      | Got a faintly glowing marble ring
 12548 | Lab      | Identified the ring of Ufuk {*Tele Str-5 Dex+7 Slay+4} (You found it in a labyrinth)
 12553 | Lab      | Got a turquoise-encrusted scale mail
 12565 | Lab      | Identified the +5 scale mail of Intercession {Int+5} (You found it in a labyrinth)
 12833 | D:12     | Reached skill level 5 in Spellcasting
 12833 | D:12     | Reached XP level 14. HP: 108/108 MP: 17/21
 13417 | Lair:1   | Entered Level 1 of the Lair of Beasts
 13828 | Lair:1   | Reached skill level 10 in Fighting
 14291 | Lair:2   | Reached skill level 12 in Polearms
 14384 | Lair:2   | Received a gift from Okawaru
 14408 | Lair:2   | Got an ancient demon trident {god gift}
 14409 | Lair:2   | Identified the +11 demon trident of the Shore {pain, Int+2} (Okawaru gifted it to you on level 2 of the Lair of Beasts)
 14481 | Lair:2   | Noticed Fannar
 14499 | Lair:2   | Killed Fannar
 14641 | Lair:2   | Found a hole to the Spider Nest.
 14909 | Lair:3   | Noticed Harold
 14925 | Lair:3   | Killed Harold
 15113 | Lair:3   | Noticed Urug
 15128 | Lair:3   | Killed Urug
 15324 | Lair:3   | Received a gift from Okawaru
 15439 | Lair:4   | Reached skill level 13 in Polearms
 16105 | Lair:4   | Found a staircase to the Swamp.
 16482 | Lair:5   | Found a bloodstained altar of Trog.
 16639 | Lair:5   | Reached XP level 15. HP: 120/120 MP: 22/22
 16764 | Lair:5   | Found a viscous altar of Jiyva.
 16765 | Lair:5   | Found a staircase to the Slime Pits.
 17270 | Lair:6   | Entered Level 6 of the Lair of Beasts
 17532 | Lair:6   | Reached skill level 14 in Polearms
 17721 | Lair:6   | Received a gift from Okawaru
 17730 | Lair:6   | Got an encrusted crystal plate armour {god gift}
 17733 | Lair:6   | Identified the +14 crystal plate armour of Upatot {rF+ Regen+} (Okawaru gifted it to you on level 6 of the Lair of Beasts)
 17908 | Lair:6   | Reached skill level 10 in Shields
 18833 | D:13     | Reached skill level 15 in Polearms
 18974 | D:13     | Reached XP level 16. HP: 123/127 MP: 23/23
 18993 | D:13     | Found a gate to the Vaults.
 19382 | D:13     | Found a white marble altar of Elyvilon.
 19472 | D:13     | Found Ryemave's Jewellery Shop.
 19793 | D:14     | Found the +5 robe of Night {Dark MR+ SInv}
 20137 | D:14     | Got an ancient golden ring
 20145 | D:14     | Reached ****** piety under Okawaru
 20541 | Orc:1    | Entered Level 1 of the Orcish Mines
 20603 | Orc:1    | Found a frozen archway.
 20657 | Orc:1    | Reached skill level 16 in Polearms
 20674 | IceCv    | Entered an ice cave
 20679 | IceCv    | Received a gift from Okawaru
 20995 | IceCv    | Reached skill level 10 in Dodging
 21072 | IceCv    | Noticed a frost giant
 21086 | IceCv    | Killed a frost giant
 21135 | IceCv    | Identified the Almanac of Cankerous Transformation
 21140 | IceCv    | Identified the cursed ring of Kirefo {*Corrode rElec Str-3 Dex-2 Stlth+} (You found it on level 14 of the Dungeon)
 21144 | IceCv    | Got an ancient pewter ring
 21146 | IceCv    | Identified the ring of Recklessness {Ice MP-9 Dex+9} (You found it in an ice cave)
 22000 | Orc:2    | Entered Level 2 of the Orcish Mines
 22186 | Orc:2    | Reached XP level 17. HP: 79/133 MP: 18/24
 22338 | Orc:2    | Found Zisedato's Jewellery Shop.
 22357 | Orc:2    | Found Ninogy's Jewellery Boutique.
 22359 | Orc:2    | Found Dioke's Armour Boutique.
 22360 | Orc:2    | Found Huqus's Assorted Antiques.
 22465 | Orc:2    | Found a roughly hewn altar of Beogh.
 22604 | Orc:2    | Found Ciomuj's Magic Scroll Boutique.
 22608 | Orc:2    | Received a gift from Okawaru
 22636 | Orc:2    | Bought a scroll of brand weapon for 220 gold pieces
 22636 | Orc:2    | Bought a scroll of magic mapping for 38 gold pieces
 22771 | Orc:2    | Found a staircase to the Elven Halls.
 22797 | Elf:1    | Entered Level 1 of the Elven Halls
 22797 | Elf:1    | Noticed Roxanne
 22870 | Elf:1    | Killed Roxanne
 22871 | Elf:1    | Identified Roxanne's Incunabulum of Morality (You took it off Roxanne on level 1 of the Elven Halls)
 22877 | Elf:1    | Learned a level 4 spell: Leda's Liquefaction
 22923 | Elf:1    | Reached skill level 10 in Armour
 22951 | Elf:1    | Identified the Incunabulum of Companions
 22953 | Elf:1    | Found Titzovidgh's Antique Armour Shop.
 22980 | Elf:1    | Bought a pair of runed boots for 202 gold pieces
 22994 | Elf:1    | Identified a +1 pair of boots of running (You bought it in a shop on level 1 of the Elven Halls)
 23015 | Elf:1    | Noticed Azrael
 23032 | Elf:1    | Killed Azrael
 23092 | Elf:1    | Noticed Aizul
 23111 | Elf:1    | Killed Aizul
 23127 | Elf:1    | Gained mutation: You are frail. (-10% HP) [mutagenic meat]
 23128 | Elf:1    | Gained mutation: You are partially covered in icy blue scales. (AC +2) [mutagenic meat]
 23155 | Elf:1    | Lost mutation: You have large cloven feet. [potion of mutation]
 23155 | Elf:1    | Lost mutation: You expend magic power (3 MP) to strengthen your wands. [potion of mutation]
 23155 | Elf:1    | Lost mutation: Armour fits poorly on your strangely shaped body. [potion of mutation]
 23155 | Elf:1    | Lost mutation: You are frail. (-10% HP) [potion of mutation]
 23155 | Elf:1    | Gained mutation: You are robust. (+10% HP) [potion of mutation]
 23155 | Elf:1    | Gained mutation: You possess an exceptional clarity of mind. [potion of mutation]
 23156 | Elf:1    | Lost mutation: You are partially covered in yellow scales. (AC +2) [potion of mutation]
 23156 | Elf:1    | Lost mutation: You are robust. (+10% HP) [potion of mutation]
 23156 | Elf:1    | Lost mutation: Your spells are a little harder to cast, but a little more powerful. [potion of mutation]
 23156 | Elf:1    | Gained mutation: You expend magic power (3 MP) to strengthen your wands. [potion of mutation]
 23156 | Elf:1    | Lost mutation: You are partially covered in icy blue scales. (AC +2) [potion of mutation]
 23156 | Elf:1    | Gained mutation: You are partially covered in iridescent scales. (AC +2) [potion of mutation]
 23156 | Elf:1    | Gained mutation: You have large cloven feet. [potion of mutation]
 23157 | Elf:1    | Lost mutation: You have large cloven feet. [potion of mutation]
 23157 | Elf:1    | Lost mutation: You possess an exceptional clarity of mind. [potion of mutation]
 23157 | Elf:1    | Lost mutation: You expend magic power (3 MP) to strengthen your wands. [potion of mutation]
 23157 | Elf:1    | Gained mutation: You are partially covered in icy blue scales. (AC +2) [potion of mutation]
 23186 | Elf:1    | Noticed Nikola
 23206 | Elf:1    | Killed Nikola
 23206 | Elf:1    | Received a gift from Okawaru
 23206 | Elf:1    | Reached skill level 17 in Polearms
 23944 | Elf:2    | Got an iridescent bardiche
 23945 | Elf:2    | Identified the +7 bardiche of Jaoz {freeze, *Drain rElec MR+} (You acquired it on level 2 of the Elven Halls)
 24091 | Elf:2    | Reached skill level 10 in Stealth
 24383 | Elf:2    | Found a runed gate.
 24383 | Elf:2    | Found a runed gate.
 24383 | Elf:2    | Found a runed gate.
 24455 | Elf:2    | Reached XP level 18. HP: 141/141 MP: 25/25
 25341 | D:15     | Entered Level 15 of the Dungeon
 25369 | D:15     | Found a staircase to the Depths.
 25374 | D:15     | Received a gift from Okawaru
 25424 | D:15     | Found Pesileps's Weapon Boutique.
 25596 | D:15     | Gained mutation: Your body sometimes deteriorates upon taking damage. [mutagenic meat]
 25598 | D:15     | Gained mutation: Your magical capacity is low. (-10% MP) [mutagenic meat]
 25599 | D:15     | Gained mutation: You are partially covered in yellow scales. (AC +2) [mutagenic meat]
 26241 | Depths:1 | Entered Level 1 of the Depths
 26328 | Depths:1 | Reached skill level 18 in Polearms
 26417 | Depths:1 | Found a gateway to Hell.
 26449 | Depths:1 | Reached skill level 15 in Fighting
 26602 | Depths:1 | Found a one-way gate to the infinite horrors of the Abyss.
 26679 | Depths:1 | Reached XP level 19. HP: 155/155 MP: 21/23
 26693 | Depths:1 | Gained mutation: You have a beak for a mouth. [mutagenic meat]
 26695 | Depths:1 | Gained mutation: You are covered in fur. (AC +1) [mutagenic meat]
 26696 | Depths:1 | Lost mutation: Your body sometimes deteriorates upon taking damage. [mutagenic meat]
 26697 | Depths:1 | Lost mutation: Your magical capacity is low. (-10% MP) [mutagenic meat]
 26715 | Depths:1 | HP: 3/155 [ettin/dire flail (24)]
 26719 | Depths:1 | Slain by a tengu warrior

Vault maps used:
D:1:      lightli_arrival_isolated_outpost
D:3:      grunt_temple_overflow_diamond
D:4:      nicolae_ru_sacrificial_ziggurat, kennysheep_generic_room_15,
          uniq_blork_the_orc, uniq_grinder
D:5:      minmay_temple_entry_junction, serial_shops, shop, first_bread,
          okawaru_trees_2
D:6:      minitemple, grunt_qazlal_clouds, basic_altar, hangedman_decor_growths
D:7:      uniq_pikel
D:8:      serial_shops, nicolae_shop_behind_doors, uniq_erica
D:9:      lemuel_doored_altar, lair_entry_dummy,
          kennysheep_orc_monster_closet_entryway, basic_altar, the_bakery,
          laboratory, uniq_psyche
D:10:     serial_shops, nicolae_shop_crystal, xom_confusion_cloud, uniq_joseph,
          uniq_josephine
D:11:     serial_shops, nicolae_shop_behind_doors, serial_ice, serial_ice_e,
          serial_ice_n, serial_ice_i, serial_ice_h, enter_bailey_3,
          trove_entry_hex_spiral, uniq_grum, uniq_maurice
D:12:     lab_entry_generic
D:13:     grunt_vaults_entry_tiered, serial_shops, shop, basic_altar
D:14:     kennysheep_six_static_rooms, roderic_lattice_octagonal_star
D:15:     hangedman_depths_entry_civil_slaughter, chequers_big_river,
          serial_shops, nicolae_shop_trees
Temple:   dpeg_chambers_temple
Lair:1:   minmay_lair_oklob_bushes
Lair:2:   nicolae_spider_entry_orb_guardian, uniq_fannar
Lair:3:   uniq_urug, uniq_harold
Lair:4:   beast_lair_carwin_large_1, minmay_swamp_entry_eels
Lair:5:   slime_altar_1, basic_altar
Lair:6:   hangedman_lair_tendril_chambers, grunt_megastairs_2,
          minmay_lair_oklob_chamber, infiniplex_staircase_pool
Orc:1:    portal_ice_cave_entry_animals_and_master
Orc:2:    st_orc_open, serial_shops, shop, basic_altar
Elf:1:    serial_shops, shop, minmay_elf_demonology, uniq_azrael, uniq_roxanne,
          uniq_aizul, uniq_nikola
Depths:1: bh_walls_and_bars, grunt_mini_vestibule, abyss_entry,
          hangedman_corner_corridor
Lab:      nicolae_lab_x, nicolae_lab_swirl, nicolae_lab_quarters,
          nicolae_lab_very_dead_end, labyrinth_skeletal_remains,
          nicolae_lab_hexagon, nicolae_lab_dead_end, nicolae_lab_statue
Bailey:   bailey_axe_bossmonster_kennysheep, bailey
IceCv:    ice_cave_caverns_02

Skill      XL: |  1  2  3  4  5  6  7  8  9 10 11 12 13 14 15 16 17 18 |
---------------+-------------------------------------------------------+-----
Fighting       | 4 5 6 7 9 12 15 | 15.0
Polearms       | 3 4 5 6 8 9 11 13 15 16 17 18 | 18.3
Shields        | 5 6 10 | 10.0
Armour         | 4 6 8 10 | 10.3
Dodging        | 4 6 7 10 | 10.0
Stealth        | 6 10 | 10.1
Invocations    | 3 6 |  6.4
Evocations     | 6 7 |  7.6
Hexes          | 6 7 8 |  8.0
Charms         | 4 8 |  8.1
Spellcasting   | 5 |  5.0

Action                   |  1- 3 |  4- 6 |  7- 9 | 10-12 | 13-15 | 16-18 | 19-21 || total
-------------------------+-------+-------+-------+-------+-------+-------+-------++-------
Melee: Trident           |    73 |   156 |    64 |       |       |       |       ||   293
       Short sword       |       |    85 |   107 |       |       |       |       ||   192
       Kick              |       |       |    62 |       |       |       |       ||    62
       Halberd           |       |       |   162 |   511 |   245 |       |       ||   918
       Executioner's axe |       |       |       |   139 |       |       |       ||   139
       Demon trident     |       |       |       |       |   653 |  1468 |       ||  2121
       Bardiche          |       |       |       |       |       |   273 |    27 ||   300
       Peck              |       |       |       |       |       |       |     5 ||     5
Throw: Tomahawk          |       |       |    11 |    18 |       |       |       ||    29
       Throwing net      |       |       |     1 |       |       |     1 |       ||     2
       Javelin           |       |       |       |     3 |     1 |       |       ||     4
 Cast: Spectral Weapon   |       |       |       |       |     9 |     1 |       ||    10
Invok: Heroism           |       |       |       |    10 |    17 |    17 |       ||    44
       Finesse           |       |       |       |     1 |     2 |     2 |       ||     5
 Abil: Dig               |       |     1 |       |     2 |     1 |     4 |       ||     8
Evoke: Wand              |       |       |       |       |     5 |       |       ||     5
       Lightning rod     |       |       |       |       |     4 |       |       ||     4
  Use: Potion            |       |     1 |     4 |     6 |     1 |     6 |       ||    18
       Scroll            |       |       |     9 |    14 |    12 |     9 |       ||    44
 Stab: Invisible         |       |       |     1 |     5 |       |       |       ||     6
       Sleeping          |       |       |       |     1 |    11 |    20 |       ||    32
       Distracted        |       |       |       |     1 |     2 |     8 |       ||    11
       Confused          |       |       |       |     1 |       |       |       ||     1
       Held in net/web   |       |       |       |       |       |     1 |       ||     1
  Eat: Chunk             |       |     7 |    13 |    30 |    27 |    33 |     5 ||   115
       Fruit             |       |       |       |       |     6 |     2 |       ||     8
Armor: Scale mail        |    21 |    64 |   124 |   147 |   130 |   100 |       ||   586
       Skin              |       |       |     3 |    17 |       |       |       ||    20
       Plate armour      |       |       |       |    19 |       |       |       ||    19
       Ring mail         |       |       |       |       |       |   129 |     6 ||   135
Dodge: Dodged            |    24 |    65 |   110 |   274 |   160 |   373 |     9 ||  1015
Block: Shield            |    20 |   118 |   184 |   350 |   129 |       |       ||   801
       Large shield      |       |       |       |       |   257 |  1023 |    19 ||  1299

Table legend:
 A = Spawn XP
 B = Non-spawn XP
 C = Spawn XP percentage of total XP
 D = Spawn monster count
 E = Non-spawn monster count
 F = Spawn count percentage of total count
 G = Total turns spent on level
                    A         B        C        D         E        F      G
               +---------+---------+-------+---------+---------+-------+---------
         Total |       0 |  251150 |   0.0 |       0 |     963 |   0.0 | 26719
               +---------+---------+-------+---------+---------+-------+---------
           D:1 |       0 |      22 |   0.0 |       0 |      11 |   0.0 |   735
           D:2 |       0 |     107 |   0.0 |       0 |      27 |   0.0 |   709
           D:3 |       0 |      82 |   0.0 |       0 |      31 |   0.0 |  1039
           D:4 |       0 |     971 |   0.0 |       0 |      24 |   0.0 |  2030
           D:5 |       0 |     448 |   0.0 |       0 |      25 |   0.0 |   963
           D:6 |       0 |     920 |   0.0 |       0 |      24 |   0.0 |   782
           D:7 |       0 |    1011 |   0.0 |       0 |       7 |   0.0 |   637
           D:8 |       0 |    2115 |   0.0 |       0 |      23 |   0.0 |   926
           D:9 |       0 |    9002 |   0.0 |       0 |      59 |   0.0 |  1794
          D:10 |       0 |    4377 |   0.0 |       0 |      28 |   0.0 |   877
          D:11 |       0 |    4422 |   0.0 |       0 |      32 |   0.0 |  1563
          D:12 |       0 |    2566 |   0.0 |       0 |      32 |   0.0 |  1026
          D:13 |       0 |   13351 |   0.0 |       0 |      50 |   0.0 |  1027
          D:14 |       0 |   14930 |   0.0 |       0 |      39 |   0.0 |   779
          D:15 |       0 |   12799 |   0.0 |       0 |      38 |   0.0 |   900
        Lair:1 |       0 |    3086 |   0.0 |       0 |      11 |   0.0 |   840
        Lair:2 |       0 |    5127 |   0.0 |       0 |      14 |   0.0 |   682
        Lair:3 |       0 |    7482 |   0.0 |       0 |      20 |   0.0 |   541
        Lair:4 |       0 |    5420 |   0.0 |       0 |      19 |   0.0 |  1060
        Lair:5 |       0 |    4400 |   0.0 |       0 |      31 |   0.0 |   801
        Lair:6 |       0 |   25789 |   0.0 |       0 |      78 |   0.0 |  1255
         Orc:1 |       0 |    5901 |   0.0 |       0 |      44 |   0.0 |   593
         Orc:2 |       0 |   19019 |   0.0 |       0 |      82 |   0.0 |   828
         Elf:1 |       0 |   22283 |   0.0 |       0 |      32 |   0.0 |  1137
         Elf:2 |       0 |   41395 |   0.0 |       0 |      62 |   0.0 |  1223
      Depths:1 |       0 |   28061 |   0.0 |       0 |      37 |   0.0 |   478
           Lab |       0 |    2588 |   0.0 |       0 |       9 |   0.0 |   306
        Bailey |       0 |    2026 |   0.0 |       0 |      27 |   0.0 |   288
         IceCv |       0 |   11450 |   0.0 |       0 |      47 |   0.0 |   881
               +---------+---------+-------+---------+---------+-------+---------
